 Dungeon Crawl Stone Soup version 0.27-a0-1189-gb8eb6cee8e (webtiles) character file.

Game seed: 3176014603072422436

8 Gargoyl the Skirmisher (level 2, 0/20 HPs)
             Began as a Gnoll Abyssal Knight on May 23, 2021.
             Was a Follower of Lugonu.
             Slain by a quokka (3 damage)
             ... on level 1 of the Dungeon.
             The game lasted 00:00:40 (675 turns).

Gargoyl the Skirmisher (Gnoll Abyssal Knight)        Turns: 675, Time: 00:00:41

Health: 0/20       AC:  4    Str: 11    XL:     2   Next: 8%
Magic:  4/4        EV: 11    Int: 11    God:    Lugonu [*.....]
Gold:   18         SH:  0    Dex: 11    Spells: 1/1 levels left

rFire    . . .     SeeInvis .   a - +1 hand axe
rCold    . . .     Faith    .   (no shield)
rNeg     . . .     Spirit   .   b - +0 leather armour
rPois    .         Reflect  .   (no helmet)
rElec    .         Harm     .   (no cloak)
rCorr    .         Rampage  .   c - +0 pair of gloves
Will     .....                  (no boots)
Stlth    +.........             (no amulet)
HPRegen  0.06/turn              (no ring)
MPRegen  0.09/turn              (no ring)

@: no status effects
A: fangs 1, strong nose, distributed training, [deterioration 2], [frail 3],
[low mp 2]
a: Renounce Religion, Depart the Abyss


You were on level 1 of the Dungeon.
You worshipped Lugonu.
Lugonu was aware of your devotion.
You visited 1 branch of the dungeon, and saw 2 of its levels.
You visited the Abyss 1 time.

You collected 18 gold pieces.

Inventory:

Hand Weapons
 a - a +1 hand axe (weapon)
Missiles
 f - 3 javelins
Armour
 b - a +0 leather armour (worn)
 c - a +0 pair of gloves (worn)
Jewellery
 d - a ring of ice
Scrolls
 e - 2 scrolls of amnesia
Potions
 g - 2 potions of might {unknown}


   Skills:
 + Level 6.4 Fighting
 + Level 0.2 Short Blades
 + Level 0.2 Long Blades
 + Level 4.4 Axes
 + Level 0.2 Maces & Flails
 + Level 0.2 Polearms
 + Level 0.2 Staves
 + Level 0.2 Slings
 + Level 0.2 Bows
 + Level 0.2 Crossbows
 + Level 0.2 Throwing
 + Level 4.4 Armour
 + Level 2.4 Dodging
 + Level 0.2 Stealth
 + Level 0.2 Shields
 + Level 0.2 Unarmed Combat
 + Level 0.2 Spellcasting
 + Level 0.1 Conjurations
 + Level 0.1 Hexes
 + Level 0.1 Summonings
 + Level 0.1 Necromancy
 + Level 0.1 Translocations
 + Level 0.1 Transmutations
 + Level 0.1 Fire Magic
 + Level 0.1 Ice Magic
 + Level 0.1 Air Magic
 + Level 0.1 Earth Magic
 + Level 0.1 Poison Magic
 + Level 4.4 Invocations
 + Level 0.2 Evocations


You had one spell level left.
You didn't know any spells.
Your spell library was empty.

Dungeon Overview and Level Annotations

Branches:
Dungeon (2/15)

Altars:


Innate Abilities, Weirdness & Mutations

You have very sharp teeth.
Your uncanny sense of smell can sniff out nearby items.
Your experience applies equally to all skills.
[Your body often deteriorates upon taking damage.]
[You are extremely frail. (-30% HP)]
[Your magical capacity is very low. (-20% MP)]


Message History

Unknown command.
Unknown command.
Unknown command.
Unknown command.
The adder hisses angrily.
The rat bites you but does no damage.
Unknown command.
The quokka barely misses you. The rat bites you.
You climb upwards.
There is a stone staircase leading down here.
You barely miss the quokka. You barely miss the rat.
The quokka barely misses you. x2; The rat barely misses you.
Unknown command.
You hit the quokka.
The quokka is lightly wounded.
You barely miss the rat. The quokka bites you. The rat closely misses you.
You barely miss the quokka.
The quokka is lightly wounded.
You barely miss the rat. The quokka bites you.
The rat bites you but does no damage.
Unknown command.
You miss the quokka.
The quokka is lightly wounded.
You hit the rat.
You kill the rat!
Lugonu accepts your kill. The quokka bites you. x2
You closely miss the quokka.
The quokka is lightly wounded.
The quokka bites you.
Unknown command.
You closely miss the quokka.
The quokka is lightly wounded.
The quokka bites you.
* * * LOW HITPOINT WARNING * * *
Unknown command.
You barely miss the quokka.
The quokka is lightly wounded.
The quokka bites you.
You die...

.####..>...##.......#
.##...........#.###.#
.##.#.####.#..#.###.##
.##.............##...####
.##...#.##.#.#####......#
###........#.# #...##.#
#..##..#.#.##########.#
###..###.#.#.##.r...# #.#
.....###.#.#.##.@...# #.#
...........#........# #.#
.....###.######.....# #.#
###### #.## #.....###.#
#..# ########..# ##.#
#.## ##.### #.# #....#
########.# # ##.#.#
#.....##.#


You could see a quokka.

Vanquished Creatures
  2 ball pythons (D:1)
  3 endoplasms (D:1)
  A goblin (D:1)
  A rat (D:1)
7 creatures vanquished.

Notes
Turn   | Place    | Note
-------+----------+-------------------------------------------
     0 | Abyss:1  | Gargoyl the Gnoll Abyssal Knight began the quest for the
                  | Orb.
     0 | Abyss:1  | Reached XP level 1. HP: 23/23 MP: 3/3
    54 | Abyss:1  | Noticed a wretched star
    81 | D:1      | Escaped the Abyss
   385 | D:1      | Found a faded altar of an unknown god.
   388 | D:1      | Reached * piety under Lugonu
   636 | D:1      | Reached XP level 2. HP: 20/20 MP: 4/4
   675 | D:1      | Slain by a quokka

Illustrated notes

Levels and vault maps discovered:
D:1:      mrwooster_arrival_arrow, layout_loops_cross, serial_glass,
          glass_columns_b, glass_columns_a, ebering_ecumenical_altar_webs,
          chequers_decorated_corner
D:2:      layout_rooms, basic_altar

Action                   || total
-------------------------++-------
Melee: Hand axe          ||    15
       Bite              ||     1
Invok: Depart the Abyss  ||     1
  Use: Scroll            ||     1
 Stab: Sleeping          ||     1
Armor: Leather armour    ||     3
Dodge: Dodged            ||     9

Table legend: (Time is in decaauts)
 A = Elapsed time spent in this place.
 B = Non-inter-level travel time spent in this place.
 C = Inter-level travel time spent in this place.
 D = Time resting spent in this place.
 E = Time spent auto-exploring this place.
 F = Levels seen in this place.
 G = Mean time per level.
                   A        B        C        D        E       F      G
               +--------+--------+--------+--------+--------+-----+--------+
         Total |    676 |    676 |      0 |      0 |    586 |   3 |  225.3 |
       Dungeon |    595 |    595 |      0 |      0 |    532 |   2 |  297.5 |
         Abyss |     81 |     81 |      0 |      0 |     54 |   1 |   81.0 |
               +--------+--------+--------+--------+--------+-----+--------+

Top non-repeatable levels by time:
     D:1: 589 daAuts
 Abyss:1: 81 daAuts
     D:2: 5 daAuts
